Canadiens vs Ducks

Created - February 20 2008 at 19:00

Goals
1 2 3 T
Canadiens 1 2 0 3
Ducks 1 1 0 2
Shots
1 2 3 T
Canadiens 6 8 5 19
Ducks 5 5 8 18

Period #1

1. Canadiens , Antoine Vermette 14 (Brian Gionta) at 11:08 (PP)
2. Ducks , Daniel Sedin 23 (Chris Pronger, Rob Niedermayer) at 18:42 (PP)

Penalties :
Andrew Brunette (ANA) for Roughing (Minor) at 0:41, Bryan Allen (ANA) for Holding (Minor) at 2:44, Ryan Whitney (MTL) for Elbowing (Minor) at 5:42, Francois Beauchemin (ANA) for Tripping (Minor) at 9:44, Francois Beauchemin (ANA) for Hooking (Minor) at 12:54, Mike Ribeiro (MTL) for Goalie Interference (Minor) at 18:31

Period #2

3. Canadiens , Antoine Vermette 15 (Brian Rafalski, Ales Hemsky) at 1:38 (PP)
4. Ducks , Chris Pronger 10 (Bryan Allen, Andrew Brunette) at 4:04 (PP)
5. Canadiens , Mike Ribeiro 14 (Mike Comrie, Ryan Kesler) at 6:02

Penalties :
Bryan Allen (ANA) for Roughing (Minor) at 0:19, Darcy Tucker (MTL) for Holding Stick (Minor) at 2:53, Todd Marchant (ANA) for Hooking (Minor) at 6:03, Ryan Kesler (MTL) for Hooking (Minor) at 8:15, Jon Sim (MTL) for Hooking (Minor) at 11:32, Hal Gill (ANA) for Holding (Minor) at 15:53, Ryan Whitney (MTL) for Interference (Minor) at 19:52

Period #3

No Goal

Penalties :
Paul Stastny (ANA) for Interference (Minor) at 0:53, Darcy Tucker (MTL) for Hooking (Minor) at 5:06, Mike Fisher (ANA) for Holding (Minor) at 8:04, Darcy Tucker (MTL) for Delaying the game (Minor) at 12:32

Goalie Stats

Roberto Luongo (MTL), 16 saves from 18 shots - (0.889), W, 33-30-3, 60:00 minutes
Ilya Bryzgalov (ANA), 16 saves from 19 shots - (0.842), L, 5-6-0, 59:28 minutes

Players Stats

Canadiens
Player Name              G  A  P  +/- PIM S  H  SB FO MP 
-----------------------------------------------------------
Ales Hemsky              0  1  1   0  0   1  0  0  1  18 
Alexei Yashin            0  0  0   0  0   0  0  0  5  12 
Andrej Meszaros          0  0  0   0  0   1  1  0  0  24 
Antoine Vermette         2  0  2   0  0   2  1  1  19 23 
Brian Gionta             0  1  1   0  0   1  0  0  1  22 
Brian Rafalski           0  1  1   0  0   1  0  1  0  25 
Darcy Tucker             0  0  0   0  6   1  3  0  4  20 
Filip Kuba               0  0  0   1  0   0  2  1  0  20 
Jon Sim                  0  0  0   0  2   1  1  1  3  24 
Keith Carney             0  0  0   1  0   0  0  0  0  24 
Lubomir Visnovsky        0  0  0   0  0   0  0  0  0  0  
Martin Gelinas           0  0  0   0  0   0  0  0  0  0  
Mike Comrie              0  1  1   1  0   3  0  0  0  15 
Mike Ribeiro             1  0  1   1  2   5  0  0  16 23 
Ryan Kesler              0  1  1   1  2   3  0  0  25 24 
Ryan Whitney             0  0  0   0  4   0  0  0  0  24 
Scott Gomez              0  0  0   0  0   0  0  0  0  2  
Viktor Kozlov            0  0  0   0  0   0  0  0  0  0  
Ducks
Player Name              G  A  P  +/- PIM S  H  SB FO MP 
-----------------------------------------------------------
Andrew Brunette          0  1  1   0  2   3  1  0  0  17 
Bryan Allen              0  1  1  -1  4   0  5  3  0  25 
Chris Pronger            1  1  2   0  0   1  3  0  0  23 
Daniel Sedin             1  0  1   0  0   2  0  0  2  24 
Dean Mcammond            0  0  0   0  0   0  0  0  0  10 
Francois Beauchemin      0  0  0  -1  4   0  1  2  0  24 
Hal Gill                 0  0  0   0  2   2  3  0  0  16 
Henrik Sedin             0  0  0   0  0   3  0  0  14 17 
Marek Malik              0  0  0   0  0   0  0  2  0  17 
Mike Fisher              0  0  0   0  2   3  5  0  2  21 
Mike Sillinger           0  0  0   0  0   2  0  0  1  8  
Paul Stastny             0  0  0   0  2   0  2  0  20 19 
Petr Cajanek             0  0  0  -1  0   0  1  0  4  4  
Richard Park             0  0  0  -1  0   1  2  0  2  19 
Rob Niedermayer          0  1  1  -1  0   1  0  0  15 25 
Scott Niedermayer        0  0  0   0  0   0  0  0  0  0  
Sean O'Donnell           0  0  0   0  0   0  0  0  0  18 
Todd Marchant            0  0  0   0  2   0  1  2  14 13 

3 Stars

1 - Antoine Vermette (MTL)
2 - Chris Pronger (ANA)
3 - Mike Ribeiro (MTL)

Power Play

Canadiens - 2 on 9 Attempt(s) - 22.22%
Ducks - 2 on 8 Attempt(s) - 25.00%

Penalty Kill

Canadiens - 6 on 8 Attempt(s) - 75.00% - Score 0 goal in Penalty Kill
Ducks - 7 on 9 Attempt(s) - 77.78% - Score 0 goal in Penalty Kill

Game Notes

No Game Note

Finance

Level 1 -- Attendance: 4604 (76.73%) -- Ticket Income $460,400.00
Level 2 -- Attendance: 3529 (84.55%) -- Ticket Income $211,740.00
Level 3 -- Attendance: 1640 (82.00%) -- Ticket Income $57,400.00
Level 4 -- Attendance: 3581 (89.53%) -- Ticket Income $71,620.00
Luxury Box -- Attendance: 750 (75.00%) -- Ticket Income $150,000.00
Game was played at the Arrowhead Pond
Total Attendance: 14104 (82.12%)
Total Ticket Income: $991,734.90
Other Income: $168,025.20
Total Income: $1,159,760.00


Play by Play

Period #1

0:01 of 1st period - Henrik Sedin wins face-off versus Ryan Kesler in neutral zone.
0:34 of 1st period - Shot by Daniel Sedin.
0:34 of 1st period - Shot Misses the Net.
0:36 of 1st period - Shot by Henrik Sedin.
0:36 of 1st period - Shot Misses the Net.
0:40 of 1st period - Shot by Henrik Sedin.
0:40 of 1st period - Stopped by Roberto Luongo without a rebound.
0:41 of 1st period - Antoine Vermette wins face-off versus Paul Stastny in Canadiens zone.
0:41 of 1st period - Minor Penalty to Andrew Brunette for Roughing.
0:42 of 1st period - Ryan Kesler wins face-off versus Rob Niedermayer in Canadiens zone.
1:01 of 1st period - Shot by Brian Gionta.
1:01 of 1st period - Shot Misses the Net.
1:03 of 1st period - Shot by Ryan Kesler.
1:03 of 1st period - Stopped by Ilya Bryzgalov without a rebound.
1:04 of 1st period - Todd Marchant wins face-off versus Ales Hemsky in Ducks zone.
2:05 of 1st period - Shot by Andrej Meszaros.
2:05 of 1st period - Stopped by Ilya Bryzgalov without a rebound.
2:06 of 1st period - Darcy Tucker wins face-off versus Todd Marchant in Ducks zone.
2:44 of 1st period - Minor Penalty to Bryan Allen for Holding.
2:45 of 1st period - Ryan Kesler wins face-off versus Todd Marchant in Ducks zone.
2:45 of 1st period - Ryan Kesler is hit by Chris Pronger.
3:47 of 1st period - Shot by Mike Ribeiro.
3:47 of 1st period - Shot Misses the Net.
4:19 of 1st period - Icing by Ales Hemsky.
4:20 of 1st period - Rob Niedermayer wins face-off versus Darcy Tucker in Canadiens zone.
4:31 of 1st period - Off-side.
4:32 of 1st period - Ryan Kesler wins face-off versus Todd Marchant in neutral zone.
4:52 of 1st period - Icing by Bryan Allen.
4:53 of 1st period - Mike Ribeiro wins face-off versus Henrik Sedin in Ducks zone.
4:53 of 1st period - Mike Ribeiro is hit by Bryan Allen.
4:56 of 1st period - Mike Comrie is hit by Bryan Allen and loses puck.
5:42 of 1st period - Minor Penalty to Ryan Whitney for Elbowing.
5:43 of 1st period - Darcy Tucker wins face-off versus Paul Stastny in Canadiens zone.
5:43 of 1st period - Darcy Tucker is hit by Chris Pronger.
5:53 of 1st period - Jon Sim is hit by Paul Stastny and loses puck.
7:00 of 1st period - Shot by Daniel Sedin.
7:00 of 1st period - Shot Blocked by Filip Kuba.
7:02 of 1st period - Shot by Hal Gill.
7:02 of 1st period - Shot Misses the Net.
7:04 of 1st period - Shot by Hal Gill.
7:04 of 1st period - Stopped by Roberto Luongo without a rebound.
7:05 of 1st period - Paul Stastny wins face-off versus Antoine Vermette in Canadiens zone.
7:27 of 1st period - Icing by Rob Niedermayer.
7:28 of 1st period - Paul Stastny wins face-off versus Antoine Vermette in Ducks zone.
7:49 of 1st period - Shot by Brian Gionta.
7:49 of 1st period - Shot Blocked by Todd Marchant.
7:58 of 1st period - Off-side.
7:59 of 1st period - Ryan Kesler wins face-off versus Henrik Sedin in neutral zone.
9:07 of 1st period - Brian Gionta is hit by Mike Fisher and loses puck.
9:37 of 1st period - Shot by Alexei Yashin.
9:37 of 1st period - Shot Misses the Net.
9:39 of 1st period - Shot by Mike Comrie.
9:39 of 1st period - Deflect By Ales Hemsky.
9:39 of 1st period - Stopped by Ilya Bryzgalov without a rebound.
9:40 of 1st period - Alexei Yashin wins face-off versus Paul Stastny in Ducks zone.
9:44 of 1st period - Minor Penalty to Francois Beauchemin for Tripping.
9:45 of 1st period - Mike Ribeiro wins face-off versus Rob Niedermayer in Ducks zone.
11:08 of 1st period - Shot by Antoine Vermette.
11:08 of 1st period - Goal by Antoine Vermette - Canadiens : 1 - Ducks : 0.
11:09 of 1st period - Mike Ribeiro wins face-off versus Paul Stastny in neutral zone.
11:11 of 1st period - Filip Kuba is hit by Francois Beauchemin and loses puck.
11:49 of 1st period - Icing by Paul Stastny.
11:50 of 1st period - Ryan Kesler wins face-off versus Paul Stastny in Ducks zone.
12:10 of 1st period - Off-side.
12:11 of 1st period - Antoine Vermette wins face-off versus Todd Marchant in neutral zone.
12:14 of 1st period - Sean O'Donnell is hit by Antoine Vermette and loses puck.
12:27 of 1st period - Shot by Mike Sillinger.
12:27 of 1st period - Stopped by Roberto Luongo without a rebound.
12:28 of 1st period - Henrik Sedin wins face-off versus Ryan Kesler in Canadiens zone.
12:37 of 1st period - Ryan Kesler is hit by Mike Fisher and loses puck.
12:48 of 1st period - Shot by Darcy Tucker.
12:48 of 1st period - Shot Blocked by Bryan Allen.
12:52 of 1st period - Shot by Ryan Kesler.
12:52 of 1st period - Stopped by Ilya Bryzgalov without a rebound.
12:53 of 1st period - Antoine Vermette wins face-off versus Todd Marchant in Ducks zone.
12:53 of 1st period - Antoine Vermette is hit by Hal Gill.
12:54 of 1st period - Minor Penalty to Francois Beauchemin for Hooking.
12:55 of 1st period - Todd Marchant wins face-off versus Brian Gionta in Ducks zone.
13:16 of 1st period - Shot by Andrej Meszaros.
13:16 of 1st period - Shot Misses the Net.
13:31 of 1st period - Icing by Andrej Meszaros.
13:32 of 1st period - Mike Ribeiro wins face-off versus Todd Marchant in Canadiens zone.
13:36 of 1st period - Icing by Mike Ribeiro.
13:37 of 1st period - Todd Marchant wins face-off versus Mike Ribeiro in Canadiens zone.
14:24 of 1st period - Shot by Brian Rafalski.
14:24 of 1st period - Shot Misses the Net.
15:09 of 1st period - Off-side.
15:10 of 1st period - Antoine Vermette wins face-off versus Paul Stastny in neutral zone.
15:19 of 1st period - Shot by Andrew Brunette.
15:19 of 1st period - Stopped by Roberto Luongo without a rebound.
15:20 of 1st period - Mike Ribeiro wins face-off versus Henrik Sedin in Canadiens zone.
15:51 of 1st period - Shot by Daniel Sedin.
15:51 of 1st period - Shot Misses the Net.
15:59 of 1st period - Mike Comrie is hit by Mike Fisher and loses puck.
16:24 of 1st period - Bryan Allen is hit by Darcy Tucker and loses puck.
16:58 of 1st period - Icing by Chris Pronger.
16:59 of 1st period - Alexei Yashin wins face-off versus Paul Stastny in Ducks zone.
17:12 of 1st period - Shot by Ales Hemsky.
17:12 of 1st period - Deflect By Jon Sim.
17:12 of 1st period - Stopped by Ilya Bryzgalov without a rebound.
17:13 of 1st period - Todd Marchant wins face-off versus Alexei Yashin in Ducks zone.
17:51 of 1st period - Francois Beauchemin is hit by Jon Sim and loses puck.
18:31 of 1st period - Minor Penalty to Mike Ribeiro for Goalie Interference.
18:32 of 1st period - Ryan Kesler wins face-off versus Rob Niedermayer in Ducks zone.
18:36 of 1st period - Icing by Sean O'Donnell.
18:37 of 1st period - Rob Niedermayer wins face-off versus Ryan Kesler in Ducks zone.
18:42 of 1st period - Shot by Daniel Sedin.
18:42 of 1st period - Goal by Daniel Sedin - Canadiens : 1 - Ducks : 1.
18:43 of 1st period - Henrik Sedin wins face-off versus Mike Ribeiro in neutral zone.

Period #2

0:01 of 2nd period - Ryan Kesler wins face-off versus Henrik Sedin in neutral zone.
0:08 of 2nd period - Shot by Andrej Meszaros.
0:08 of 2nd period - Shot Blocked by Marek Malik.
0:11 of 2nd period - Jon Sim is hit by Bryan Allen and loses puck.
0:19 of 2nd period - Minor Penalty to Bryan Allen for Roughing.
0:20 of 2nd period - Ryan Kesler wins face-off versus Rob Niedermayer in Ducks zone.
1:36 of 2nd period - Shot by Antoine Vermette.
1:36 of 2nd period - Shot Blocked by Todd Marchant.
1:38 of 2nd period - Shot by Antoine Vermette.
1:38 of 2nd period - Goal by Antoine Vermette - Canadiens : 2 - Ducks : 1.
1:39 of 2nd period - Mike Ribeiro wins face-off versus Henrik Sedin in neutral zone.
1:39 of 2nd period - Mike Ribeiro is hit by Mike Fisher.
2:01 of 2nd period - Shot by Henrik Sedin.
2:01 of 2nd period - Shot Misses the Net.
2:03 of 2nd period - Shot by Henrik Sedin.
2:03 of 2nd period - Stopped by Roberto Luongo without a rebound.
2:04 of 2nd period - Paul Stastny wins face-off versus Antoine Vermette in Canadiens zone.
2:51 of 2nd period - Mike Fisher is hit by Darcy Tucker and loses puck.
2:53 of 2nd period - Minor Penalty to Darcy Tucker for Holding Stick.
2:54 of 2nd period - Ryan Kesler wins face-off versus Rob Niedermayer in Ducks zone.
3:56 of 2nd period - Shot by Richard Park.
3:56 of 2nd period - Shot Misses the Net.
4:00 of 2nd period - Shot by Chris Pronger.
4:00 of 2nd period - Shot Blocked by Jon Sim.
4:04 of 2nd period - Shot by Chris Pronger.
4:04 of 2nd period - Goal by Chris Pronger - Canadiens : 2 - Ducks : 2.
4:05 of 2nd period - Antoine Vermette wins face-off versus Henrik Sedin in neutral zone.
4:57 of 2nd period - Shot by Mike Sillinger.
4:57 of 2nd period - Stopped by Roberto Luongo without a rebound.
4:58 of 2nd period - Petr Cajanek wins face-off versus Mike Ribeiro in Canadiens zone.
5:42 of 2nd period - Icing by Rob Niedermayer.
5:43 of 2nd period - Mike Ribeiro wins face-off versus Petr Cajanek in Ducks zone.
5:44 of 2nd period - Shot by Mike Comrie.
5:44 of 2nd period - Deflect By Mike Ribeiro.
5:44 of 2nd period - Shot Misses the Net.
5:46 of 2nd period - Shot by Keith Carney.
5:46 of 2nd period - Shot Misses the Net.
5:48 of 2nd period - Shot by Filip Kuba.
5:48 of 2nd period - Shot Blocked by Bryan Allen.
5:52 of 2nd period - Shot by Ryan Kesler.
5:52 of 2nd period - Stopped by Ilya Bryzgalov with a rebound.
5:56 of 2nd period - Shot by Ryan Kesler.
5:56 of 2nd period - Shot Misses the Net.
6:00 of 2nd period - Shot by Mike Comrie.
6:00 of 2nd period - Deflect By Mike Ribeiro.
6:00 of 2nd period - Stopped by Ilya Bryzgalov with a rebound.
6:02 of 2nd period - Shot by Mike Ribeiro.
6:02 of 2nd period - Goal by Mike Ribeiro - Canadiens : 3 - Ducks : 2.
6:03 of 2nd period - Antoine Vermette wins face-off versus Todd Marchant in neutral zone.
6:03 of 2nd period - Minor Penalty to Todd Marchant for Hooking.
6:04 of 2nd period - Daniel Sedin wins face-off versus Jon Sim in neutral zone.
7:29 of 2nd period - Shot by Brian Rafalski.
7:29 of 2nd period - Stopped by Ilya Bryzgalov without a rebound.
7:30 of 2nd period - Daniel Sedin wins face-off versus Darcy Tucker in Ducks zone.
7:45 of 2nd period - Shot by Mike Comrie.
7:45 of 2nd period - Shot Misses the Net.
7:47 of 2nd period - Shot by Mike Comrie.
7:47 of 2nd period - Stopped by Ilya Bryzgalov without a rebound.
7:48 of 2nd period - Rob Niedermayer wins face-off versus Antoine Vermette in Ducks zone.
8:15 of 2nd period - Minor Penalty to Ryan Kesler for Hooking.
8:16 of 2nd period - Mike Ribeiro wins face-off versus Paul Stastny in neutral zone.
8:46 of 2nd period - Keith Carney is hit by Paul Stastny and loses puck.
9:19 of 2nd period - Shot by Daniel Sedin.
9:19 of 2nd period - Shot Misses the Net.
9:41 of 2nd period - Shot by Mike Fisher.
9:41 of 2nd period - Stopped by Roberto Luongo without a rebound.
9:42 of 2nd period - Antoine Vermette wins face-off versus Paul Stastny in Canadiens zone.
10:41 of 2nd period - Shot by Mike Comrie.
10:41 of 2nd period - Stopped by Ilya Bryzgalov without a rebound.
10:42 of 2nd period - Ryan Kesler wins face-off versus Petr Cajanek in Ducks zone.
11:09 of 2nd period - Andrej Meszaros is hit by Petr Cajanek and loses puck.
11:13 of 2nd period - Icing by Brian Rafalski.
11:14 of 2nd period - Henrik Sedin wins face-off versus Ryan Kesler in Canadiens zone.
11:32 of 2nd period - Minor Penalty to Jon Sim for Hooking.
11:33 of 2nd period - Paul Stastny wins face-off versus Antoine Vermette in neutral zone.
11:49 of 2nd period - Off-side.
11:50 of 2nd period - Antoine Vermette wins face-off versus Rob Niedermayer in neutral zone.
11:59 of 2nd period - Shot by Mike Ribeiro.
11:59 of 2nd period - Shot Misses the Net.
12:01 of 2nd period - Shot by Antoine Vermette.
12:01 of 2nd period - Shot Blocked by Francois Beauchemin.
12:03 of 2nd period - Shot by Ryan Whitney.
12:03 of 2nd period - Shot Misses the Net.
12:07 of 2nd period - Shot by Mike Ribeiro.
12:07 of 2nd period - Shot Misses the Net.
12:18 of 2nd period - Off-side.
12:19 of 2nd period - Paul Stastny wins face-off versus Ryan Kesler in neutral zone.
12:22 of 2nd period - Mike Ribeiro is hit by Richard Park and loses puck.
13:04 of 2nd period - Icing by Paul Stastny.
13:05 of 2nd period - Paul Stastny wins face-off versus Ryan Kesler in Ducks zone.
13:33 of 2nd period - Shot by Andrew Brunette.
13:33 of 2nd period - Shot Misses the Net.
14:02 of 2nd period - Icing by Francois Beauchemin.
14:03 of 2nd period - Ryan Kesler wins face-off versus Todd Marchant in Ducks zone.
14:23 of 2nd period - Off-side.
14:24 of 2nd period - Henrik Sedin wins face-off versus Mike Ribeiro in neutral zone.
14:32 of 2nd period - Filip Kuba is hit by Chris Pronger and loses puck.
14:50 of 2nd period - Icing by Chris Pronger.
14:51 of 2nd period - Ryan Kesler wins face-off versus Henrik Sedin in Ducks zone.
15:41 of 2nd period - Ryan Whitney is hit by Hal Gill.
15:53 of 2nd period - Shot by Darcy Tucker.
15:53 of 2nd period - Stopped by Ilya Bryzgalov without a rebound.
15:53 of 2nd period - Minor Penalty to Hal Gill for Holding.
15:54 of 2nd period - Mike Ribeiro wins face-off versus Todd Marchant in Ducks zone.
17:06 of 2nd period - Chris Pronger is hit by Filip Kuba and loses puck.
17:54 of 2nd period - Icing by Daniel Sedin.
17:55 of 2nd period - Henrik Sedin wins face-off versus Antoine Vermette in Ducks zone.
18:04 of 2nd period - Shot by Mike Fisher.
18:04 of 2nd period - Stopped by Roberto Luongo without a rebound.
18:05 of 2nd period - Mike Ribeiro wins face-off versus Henrik Sedin in Canadiens zone.
19:52 of 2nd period - Minor Penalty to Ryan Whitney for Interference.
19:53 of 2nd period - Ryan Kesler wins face-off versus Richard Park in Canadiens zone.
19:53 of 2nd period - Ryan Kesler is hit by Richard Park.

Period #3

0:01 of 3rd period - Ryan Kesler wins face-off versus Mike Fisher in neutral zone.
0:34 of 3rd period - Shot by Chris Pronger.
0:34 of 3rd period - Shot Hit the Post.
0:44 of 3rd period - Shot by Chris Pronger.
0:44 of 3rd period - Shot Misses the Net.
0:46 of 3rd period - Shot by Mike Fisher.
0:46 of 3rd period - Shot Blocked by Brian Rafalski.
0:53 of 3rd period - Minor Penalty to Paul Stastny for Interference.
0:54 of 3rd period - Jon Sim wins face-off versus Richard Park in Canadiens zone.
0:54 of 3rd period - Jon Sim is hit by Andrew Brunette.
0:59 of 3rd period - Filip Kuba is hit by Bryan Allen and loses puck.
1:06 of 3rd period - Shot by Jon Sim.
1:06 of 3rd period - Shot Misses the Net.
1:10 of 3rd period - Shot by Jon Sim.
1:10 of 3rd period - Shot Blocked by Francois Beauchemin.
1:29 of 3rd period - Shot by Mike Ribeiro.
1:29 of 3rd period - Shot Blocked by Bryan Allen.
1:31 of 3rd period - Shot by Mike Ribeiro.
1:31 of 3rd period - Stopped by Ilya Bryzgalov without a rebound.
1:32 of 3rd period - Ryan Kesler wins face-off versus Rob Niedermayer in Ducks zone.
1:56 of 3rd period - Chris Pronger is hit by Andrej Meszaros and loses puck.
2:21 of 3rd period - Shot by Brian Gionta.
2:21 of 3rd period - Stopped by Ilya Bryzgalov without a rebound.
2:22 of 3rd period - Todd Marchant wins face-off versus Ryan Kesler in Ducks zone.
4:26 of 3rd period - Icing by Brian Rafalski.
4:27 of 3rd period - Petr Cajanek wins face-off versus Mike Ribeiro in Canadiens zone.
4:30 of 3rd period - Shot by Richard Park.
4:30 of 3rd period - Stopped by Roberto Luongo without a rebound.
4:31 of 3rd period - Antoine Vermette wins face-off versus Rob Niedermayer in Canadiens zone.
4:58 of 3rd period - Richard Park is hit by Darcy Tucker and loses puck.
5:06 of 3rd period - Minor Penalty to Darcy Tucker for Hooking.
5:07 of 3rd period - Ryan Kesler wins face-off versus Rob Niedermayer in neutral zone.
6:13 of 3rd period - Alexei Yashin is hit by Bryan Allen and loses puck.
6:34 of 3rd period - Shot by Mike Ribeiro.
6:34 of 3rd period - Stopped by Ilya Bryzgalov without a rebound.
6:35 of 3rd period - Rob Niedermayer wins face-off versus Alexei Yashin in Ducks zone.
6:58 of 3rd period - Shot by Mike Fisher.
6:58 of 3rd period - Stopped by Roberto Luongo without a rebound.
6:59 of 3rd period - Ryan Kesler wins face-off versus Paul Stastny in Canadiens zone.
7:23 of 3rd period - Shot by Ryan Whitney.
7:23 of 3rd period - Shot Blocked by Marek Malik.
8:02 of 3rd period - Shot by Rob Niedermayer.
8:02 of 3rd period - Stopped by Roberto Luongo without a rebound.
8:03 of 3rd period - Ryan Kesler wins face-off versus Paul Stastny in Canadiens zone.
8:03 of 3rd period - Ryan Kesler is hit by Mike Fisher.
8:04 of 3rd period - Minor Penalty to Mike Fisher for Holding.
8:05 of 3rd period - Rob Niedermayer wins face-off versus Jon Sim in Canadiens zone.
8:06 of 3rd period - Shot by Dean Mcammond.
8:06 of 3rd period - Shot Misses the Net.
9:18 of 3rd period - Shot by Mike Ribeiro.
9:18 of 3rd period - Shot Misses the Net.
9:45 of 3rd period - Jon Sim is hit by Hal Gill.
10:15 of 3rd period - Shot by Daniel Sedin.
10:15 of 3rd period - Shot Blocked by Antoine Vermette.
10:19 of 3rd period - Shot by Henrik Sedin.
10:19 of 3rd period - Shot Misses the Net.
10:27 of 3rd period - Shot by Daniel Sedin.
10:27 of 3rd period - Stopped by Roberto Luongo without a rebound.
10:28 of 3rd period - Paul Stastny wins face-off versus Antoine Vermette in Canadiens zone.
10:37 of 3rd period - Shot by Paul Stastny.
10:37 of 3rd period - Shot Misses the Net.
10:49 of 3rd period - Shot by Andrew Brunette.
10:49 of 3rd period - Stopped by Roberto Luongo with a rebound.
11:38 of 3rd period - Shot by Daniel Sedin.
11:38 of 3rd period - Shot Misses the Net.
12:01 of 3rd period - Icing by Mike Fisher.
12:02 of 3rd period - Antoine Vermette wins face-off versus Mike Fisher in Ducks zone.
12:32 of 3rd period - Minor Penalty to Darcy Tucker for Delaying the game.
12:33 of 3rd period - Alexei Yashin wins face-off versus Rob Niedermayer in Ducks zone.
13:00 of 3rd period - Shot by Chris Pronger.
13:00 of 3rd period - Shot Misses the Net.
13:02 of 3rd period - Shot by Richard Park.
13:02 of 3rd period - Shot Misses the Net.
13:34 of 3rd period - Shot by Mike Fisher.
13:34 of 3rd period - Shot Misses the Net.
13:36 of 3rd period - Shot by Hal Gill.
13:36 of 3rd period - Stopped by Roberto Luongo with a rebound.
14:06 of 3rd period - Shot by Andrew Brunette.
14:06 of 3rd period - Stopped by Roberto Luongo without a rebound.
14:07 of 3rd period - Antoine Vermette wins face-off versus Mike Sillinger in Canadiens zone.
15:00 of 3rd period - Shot by Henrik Sedin.
15:00 of 3rd period - Stopped by Roberto Luongo with a rebound.
15:10 of 3rd period - Filip Kuba is hit by Todd Marchant and loses puck.
15:38 of 3rd period - Icing by Filip Kuba.
15:39 of 3rd period - Paul Stastny wins face-off versus Antoine Vermette in Canadiens zone.
15:39 of 3rd period - Paul Stastny is hit by Filip Kuba.
15:41 of 3rd period - Shot by Andrew Brunette.
15:41 of 3rd period - Shot Misses the Net.
17:16 of 3rd period - Shot by Alexei Yashin.
17:16 of 3rd period - Deflect By Mike Ribeiro.
17:16 of 3rd period - Stopped by Ilya Bryzgalov with a rebound.
19:11 of 3rd period - Shot by Mike Comrie.
19:11 of 3rd period - Stopped by Ilya Bryzgalov without a rebound.
19:12 of 3rd period - Paul Stastny wins face-off versus Mike Ribeiro in Ducks zone.
19:28 of 3rd period - Ducks, Ilya Bryzgalov is pulled from the net.


Output by the SimonT Hockey Simulator (STHS) for Stephane Roy -- Original Page W3C XHTML 1.0 Valid